 Dungeon Crawl Stone Soup version 0.28.0-45-g0d030f2227 (webtiles) character file.

Game seed: 11118226982021632625

1080 jimonade the Magician (level 8, 0/58 HPs)
             Began as a Gnoll Hedge Wizard on Apr 6, 2022.
             Shot with an arrow by a centaur (5 damage)
             ... on level 6 of the Dungeon.
             The game lasted 00:20:01 (6201 turns).

jimonade the Magician (Gnoll Hedge Wizard)          Turns: 6201, Time: 00:20:02

Health: 0/58       AC:  6    Str: 11    XL:     8   Next: 29%
Magic:  16/19      EV: 13    Int: 17    God:
Gold:   223        SH:  0    Dex: 12    Spells: 16/22 levels left

rFire   + . .      SeeInvis .   I - +3 trident (vamp)
rCold   + . .      Faith    .   (no shield)
rNeg    . . .      Spirit   .   A - +0 leather armour
rPois   .          Reflect  .   D - +0 helmet
rElec   .          Harm     .   o - scarf {rC+ rF+}
rCorr   .          Rampage  .   u - +1 pair of gloves of Courage {Int+3}
Will    .....                   (no boots)
Stlth   +++.......              L - amulet of regeneration
HPRegen 0.99/turn               (no ring)
MPRegen 0.16/turn               (no ring)

@: hasted, very quick
A: fangs 1, strong nose, distributed training
a: no special abilities


You were on level 6 of the Dungeon.
You visited 1 branch of the dungeon, and saw 6 of its levels.

You collected 223 gold pieces.

Inventory:

Hand Weapons
 n - a +0 short sword of electrocution
 I - a +3 vampiric trident (weapon)
 M - a +2 vorpal flail
Missiles
 d - 19 arrows
 h - 2 poisoned darts (quivered)
 k - 177 stones
 J - 23 bolts
Armour
 b - a +0 robe
 c - a +0 hat
 j - a +0 chain mail
 o - a scarf of resistance (worn)
 u - the +1 pair of gloves of Courage (worn) {Int+3}
   (You found it on level 3 of the Dungeon)

   Int:       It affects your intelligence (+3).
 A - a +0 leather armour (worn)
 D - a +0 helmet (worn)
 O - a +0 scale mail
Magical Staves
 z - a staff of fire
Jewellery
 e - an amulet of magic regeneration
 L - an amulet of regeneration (around neck)
Wands
 p - a wand of charming (6)
Scrolls
 a - a scroll of noise {unknown}
 g - 2 scrolls of enchant weapon {unknown}
 i - a scroll of identify {unknown}
 l - a scroll of holy word {unknown}
 r - a scroll of fog {unknown}
 w - a scroll of blinking {unknown}
 y - 2 scrolls of immolation {unknown}
 C - 2 scrolls of magic mapping
 E - a scroll of teleportation {unknown}
 F - a scroll of summoning {unknown}
 K - a scroll of fear {unknown}
Potions
 f - 2 potions of attraction {unknown}
 m - a potion of heal wounds {unknown}
 q - 7 potions of curing {unknown}
 s - 2 potions of ambrosia {unknown}
 t - a potion of berserk rage {unknown}
 v - 2 potions of degeneration {unknown}
 B - a potion of brilliance {unknown}
 G - a potion of might {unknown}
 H - a potion of cancellation {unknown}
 N - a potion of resistance {unknown}


   Skills:
 + Level 3.1 Fighting
 + Level 3.1 Short Blades
 + Level 3.1 Long Blades
 + Level 3.1 Axes
 + Level 3.1 Maces & Flails
 + Level 3.1 Polearms
 + Level 3.1 Staves
 + Level 3.1 Slings
 + Level 3.1 Bows
 + Level 3.1 Crossbows
 + Level 3.1 Throwing
 + Level 3.1 Armour
 + Level 5.6 Dodging
 + Level 5.3 Stealth
 + Level 3.1 Shields
 + Level 3.1 Unarmed Combat
 + Level 7.9 Spellcasting
 + Level 3.4 Conjurations
 + Level 2.5 Hexes
 + Level 3.4 Summonings
 + Level 2.5 Necromancy
 + Level 3.4 Translocations
 + Level 2.5 Transmutations
 + Level 2.5 Fire Magic
 + Level 2.5 Ice Magic
 + Level 2.5 Air Magic
 + Level 2.5 Earth Magic
 + Level 2.5 Poison Magic
 + Level 3.4 Invocations
 + Level 3.1 Evocations


You had 16 spell levels left.
You knew the following spells:

 Your Spells              Type           Power      Damage    Failure   Level
a - Magic Dart            Conj           72%        1d6       3%          1
b - Blink                 Tloc           36%        N/A       4%          2
c - Call Imp              Summ           18%        N/A       4%          2
d - Slow                  Hex            60%        N/A       4%          1

Your spell library contained the following spells:

 Spells                   Type           Power      Damage    Failure   Level
 Gell's Gravitas          Tloc           18%        N/A       10%         3
 Teleport Other           Tloc           18%        N/A       10%         3
 Conjure Flame            Conj/Fire      16%        6-21      12%         3
 Mephitic Cloud           Conj/Pois/Air  16%        N/A       13%         3
 Ignite Poison            Fire/Tmut/Pois 15%        N/A       14%         3
 Tukima's Dance           Hex            15%        N/A       14%         3
 Passage of Golubria      Tloc           18%        N/A       32%         4
 Sticky Flame             Conj/Fire      16%        2d4       36%         4
 Yara's Violent Unravell  Hex/Tmut       7%         3d5       78%         5
 Dispersal                Tloc           9%         N/A       99%         6


Dungeon Overview and Level Annotations

Branches:
Dungeon (6/15)             Temple (0/1) D:4

Altars:
Xom

Shops:
D:3 *


Innate Abilities, Weirdness & Mutations

You have very sharp teeth.
Your uncanny sense of smell can sniff out nearby items.
Your experience applies equally to all skills.


Message History

The centaur is moderately wounded.
Casting: Magic Dart (safe; 3% risk of failure)
Confirm with . or Enter, or press ? or * to list all spells.
Aiming: Magic Dart (safe; 3% risk of failure)
Press: ? - help, Shift-Dir - straight line, f/p - centaur
Aim: a centaur, wielding a +0 shortbow and quivering arrows (lightly wounded, fast, 100% to hit)
The magic dart hits the centaur.
The centaur is moderately wounded.
The centaur unwields a +0 shortbow.
The centaur wields a staff of air.
The centaur hits you with a staff of air.
You are electrocuted.
The centaur barely misses you.
The centaur hits you with a staff of air.
The centaur kicks you but does no damage.
You hit the centaur.
You feel better.
The centaur is heavily wounded.
The centaur hits you with a staff of air!
You are electrocuted.
The centaur kicks you but does no damage.
The centaur barely misses you.
The centaur kicks you but does no damage.
The centaur barely misses you. x2
The centaur wields a +0 shortbow.
The centaur shoots an arrow.
The arrow hits you!
The centaur shoots an arrow.
The arrow hits you!
* * * LOW HITPOINT WARNING * * *
Casting: Magic Dart (safe; 3% risk of failure)
Confirm with . or Enter, or press ? or * to list all spells.
A shadowy apparition takes form in the air.
The centaur shoots an arrow.
The arrow hits you.
* * * LOW HITPOINT WARNING * * *
The centaur shoots an arrow.
The arrow hits you.
* * * LOW HITPOINT WARNING * * *
The centaur shoots an arrow.
The arrow hits you.
* * * LOW HITPOINT WARNING * * *
Your shadow imp barely misses the centaur.
The centaur shoots an arrow.
The arrow closely misses you.
Your shadow imp hits the centaur.
You feel yourself speed up.
Your shadow imp hits the centaur.
The centaur shoots an arrow.
The arrow closely misses you.
The centaur shoots an arrow.
The arrow hits you.
You die...

.......## ....$...#
........## ###
#......†.###.#
.........##..##
..............###
#......<<#......#
#..).....#......###
....##...##.@.....#
...##.))..#.#.#c.###
... ##......#.##...#
$. ....###.......#
#..... ##..5..##
...........?.## #
..........#
.....##..... .....
.......


You could see a centaur (fast) and a friendly shadow imp (summoned).

Vanquished Creatures
  An ice beast (D:5)
  A necrophage (D:5)
  A phantom (D:5)
  2 bullfrogs (D:6)
  A scorpion (D:3)
  A bullfrog zombie (D:5)
  2 hounds
  A centaur skeleton (D:3)
  2 orc priests (D:5)
  2 jellies
  Jessica (D:2)
  An iguana (D:5)
  An orc wizard (D:4)
  A hound zombie (D:5)
  2 hound skeletons
  4 adders
  2 dart slugs (D:2)
  8 orcs
  4 ball pythons
  8 endoplasms
  2 giant cockroaches
  7 hobgoblins
  2 quokkas
  6 bats
  4 frilled lizards
  8 goblins
  8 kobolds
  11 rats
94 creatures vanquished.

Vanquished Creatures (collateral kills)
  A phantom (D:5)
  A hound (D:5)
  An iguana (D:5)
  2 adders
  An adder skeleton (D:4)
  4 orcs
  An endoplasm (D:3)
11 creatures vanquished.

Vanquished Creatures (others)
  12 plants (D:2)
12 creatures vanquished.

Grand Total: 117 creatures vanquished

Notes
Turn   | Place    | Note
-------+----------+-------------------------------------------
     0 | D:1      | jimonade the Gnoll Hedge Wizard began the quest for the
                  | Orb.
     0 | D:1      | Reached XP level 1. HP: 13/13 MP: 8/8
   327 | D:1      | Reached XP level 2. HP: 19/19 MP: 8/10
   843 | D:2      | Reached XP level 3. HP: 25/25 MP: 7/11
   872 | D:2      | Reached skill level 1 in Invocations
   879 | D:2      | Reached skill level 1 in Fighting
   879 | D:2      | Reached skill level 1 in Short Blades
   879 | D:2      | Reached skill level 1 in Long Blades
   879 | D:2      | Reached skill level 1 in Axes
   879 | D:2      | Reached skill level 1 in Maces & Flails
   879 | D:2      | Reached skill level 1 in Polearms
   879 | D:2      | Reached skill level 1 in Staves
   879 | D:2      | Reached skill level 1 in Slings
   879 | D:2      | Reached skill level 1 in Bows
   879 | D:2      | Reached skill level 1 in Crossbows
   879 | D:2      | Reached skill level 1 in Throwing
   879 | D:2      | Reached skill level 1 in Armour
   879 | D:2      | Reached skill level 1 in Shields
   879 | D:2      | Reached skill level 1 in Unarmed Combat
   879 | D:2      | Reached skill level 1 in Evocations
   903 | D:2      | Reached XP level 4. HP: 31/32 MP: 10/13
  1016 | D:2      | Reached skill level 1 in Hexes
  1016 | D:2      | Reached skill level 1 in Necromancy
  1016 | D:2      | Reached skill level 1 in Transmutations
  1016 | D:2      | Reached skill level 1 in Fire Magic
  1016 | D:2      | Reached skill level 1 in Ice Magic
  1016 | D:2      | Reached skill level 1 in Air Magic
  1016 | D:2      | Reached skill level 1 in Earth Magic
  1016 | D:2      | Reached skill level 1 in Poison Magic
  1090 | D:2      | Noticed Jessica
  1132 | D:1      | Learned a level 2 spell: Blink
  1135 | D:1      | Learned a level 2 spell: Call Imp
  1158 | D:2      | Killed Jessica
  1159 | D:2      | Reached XP level 5. HP: 28/37 MP: 12/14
  2246 | D:3      | Learned a level 1 spell: Slow
  2350 | D:3      | Identified the +1 pair of gloves of Courage {Int+3}
  2443 | D:3      | Reached XP level 6. HP: 36/44 MP: 14/16
  2604 | D:3      | Found Caqouses's Assorted Antiques.
  3106 | D:4      | Reached skill level 5 in Dodging
  3443 | D:4      | Found a staircase to the Ecumenical Temple.
  3449 | D:4      | Noticed a sky beast
  3871 | D:5      | Entered Level 5 of the Dungeon
  4257 | D:5      | Noticed an ice beast
  4310 | D:5      | Found a shimmering altar of Xom.
  4342 | D:5      | HP: 2/44 [phantom (3)]
  4348 | D:5      | Reached XP level 7. HP: 3/51 MP: 18/18
  4702 | D:5      | Reached skill level 5 in Stealth
  5408 | D:5      | Reached XP level 8. HP: 57/57 MP: 14/19
  6196 | D:6      | HP: 1/58 [centaur/arrow (5)]
  6201 | D:6      | Shot with an arrow by a centaur

Illustrated notes

Levels and vault maps discovered:
D:1:      ncdulo_wetmaze, layout_basic
D:2:      layout_rooms, grunt_ministairs_12, lexackson_kobold_supper,
          uniq_jessica
D:3:      layout_rooms, serial_shops, nicolae_shop_statue_plus, minmay_distorted
D:4:      layout_basic, minmay_temple_entry_tees, item_on_display_b
D:5:      layout_basic, lemuel_tele_altar, lightli_ossuary_entry_decrepit_ruins
D:6:      layout_cave_pools, gammafunk_temple_overflow_forgotten,
          nicolae_grassy_gnolls

Skill      XL: |  1  2  3  4  5  6  7  8 |
---------------+-------------------------+-----
Conjurations   | 2 3 |  3.4
Summonings     | 2 3 |  3.4
Translocations | 2 3 |  3.4
Invocations    | 1 2 3 |  3.4
Fighting       | 1 2 3 |  3.1
Short Blades   | 1 2 3 |  3.1
Long Blades    | 1 2 3 |  3.1
Axes           | 1 2 3 |  3.1
Maces & Flails | 1 2 3 |  3.1
Polearms       | 1 2 3 |  3.1
Staves         | 1 2 3 |  3.1
Slings         | 1 2 3 |  3.1
Bows           | 1 2 3 |  3.1
Crossbows      | 1 2 3 |  3.1
Throwing       | 1 2 3 |  3.1
Armour         | 1 2 3 |  3.1
Shields        | 1 2 3 |  3.1
Unarmed Combat | 1 2 3 |  3.1
Evocations     | 1 2 3 |  3.1
Hexes          | 1 2 |  2.5
Necromancy     | 1 2 |  2.5
Transmutations | 1 2 |  2.5
Fire Magic     | 1 2 |  2.5
Ice Magic      | 1 2 |  2.5
Air Magic      | 1 2 |  2.5
Earth Magic    | 1 2 |  2.5
Poison Magic   | 1 2 |  2.5
Dodging        | 5 |  5.6
Stealth        | 5 |  5.3
Spellcasting   | |  7.9

Action                   |  1- 3 |  4- 6 |  7- 9 || total
-------------------------+-------+-------+-------++-------
Melee: Dagger            |     2 |       |       ||     2
       Short sword       |       |    85 |       ||    85
       Bite              |       |    16 |     6 ||    22
       Punch             |       |     2 |     1 ||     3
       Trident           |       |    47 |    68 ||   115
 Cast: Magic Dart        |    64 |    72 |    16 ||   152
       Call Imp          |       |    12 |    16 ||    28
       Slow              |       |     9 |       ||     9
  Use: Scroll            |       |     1 |       ||     1
       Potion            |       |       |     1 ||     1
 Stab: Sleeping          |       |     6 |       ||     6
Armor: Robe              |     2 |    22 |       ||    24
       Leather armour    |       |    17 |    21 ||    38
Dodge: Dodged            |     3 |   119 |    45 ||   167
